 Dungeon Crawl Stone Soup version 0.31.0-32-g396128a36d (webtiles) character file.

Game seed: 10118619263941207216

1395 booth the Cleaver (level 8, 0/71 HPs)
             Began as a Minotaur Fighter on Mar 19, 2024.
             Slain by an ice beast (1 damage)
             ... on level 5 of the Dungeon.
             The game lasted 00:25:44 (4823 turns).

booth the Cleaver (Minotaur Fighter)                Turns: 4823, Time: 00:25:45

Health: 0/71       AC:  3    Str: 22    XL:     8   Next: 41%
Magic:  7/7        EV:  9    Int:  7    God:
Gold:   349        SH:  5    Dex:  9    Spells: 7/7 levels left

rFire   + . .        a - +0 war axe
rCold   . . .        c - +0 buckler
rNeg    . . .        b - +0 scale mail
rPois   .            e - +2 hat
rElec   .            (no cloak)
rCorr   .            (no gloves)
SInv    .            n - +0 pair of boots
Will    .....        (no amulet) Stlth
                     f - ring of protection from fire
HPRegen 0.31/turn    (no ring)
MPRegen 0.10/turn

%: no passive effects
@: corroded
A: horns 2, retaliatory headbutt
a: no special abilities


You were on level 5 of the Dungeon.
You visited 2 branches of the dungeon, and saw 6 of its levels.
You also visited: Sewer.

You collected 349 gold pieces.

Inventory:

Hand Weapons
 a - a +0 war axe (weapon)
 l - a +0 mace
Missiles
 g - 20 poisoned darts (quivered)
 k - 6 silver javelins
Armour
 b - a +0 scale mail (worn)
 c - a +0 buckler (worn)
 e - a +2 hat (worn)
 j - a +0 chain mail
 n - a +0 pair of boots (worn)
Jewellery
 f - a ring of protection from fire (left hand)
 z - the ring "Qekissin" {Wiz Dex+4 Slay+3}
   (You found it on level 5 of the Dungeon)

   [ring of wizardry]

   Wiz:       It improves your spell success rate.
   Dex+4:     It affects your dexterity (+4).
   Slay+3:    It affects your accuracy & damage with ranged weapons and melee
   (+3).
Wands
 y - a wand of flame (9)
 A - a wand of charming (8)
Scrolls
 i - a scroll of torment
 q - 2 scrolls of immolation {unknown}
 r - 2 scrolls of enchant armour {unknown}
 t - a scroll of poison {unknown}
 v - 2 scrolls of teleportation
 x - a scroll of silence {unknown}
Potions
 d - 3 potions of might
 h - 2 potions of attraction
 m - 4 potions of enlightenment
 o - 4 potions of curing
 p - 2 potions of mutation {unknown}
 s - 3 potions of magic {unknown}
 u - a potion of heal wounds
 w - a potion of cancellation {unknown}


   Skills:
 + Level 6.6 Fighting
 * Level 8.1 Axes
 + Level 6.6 Armour
 + Level 6.7 Shields


You had 7 spell levels left.
You didn't know any spells.
Your spell library contained the following spells:

 Spells                   Type           Power      Damage    Failure   Level
 Slow                     Hex            0%         N/A       78%         1
 Cigotuvi's Dreadful Rot  Necr/Alch/Air  0%         N/A       89%         2
 Confusing Touch          Hex            0%         N/A       98%         3
 Dazzling Flash           Conj/Hex       0%         N/A       98%         3
 Hailstorm                Conj/Ice       0%         3d5       98%         3
 Mephitic Cloud           Conj/Alch/Air  0%         N/A       98%         3
 Sigil of Binding         Hex            0%         N/A       98%         3
 Vampiric Draining        Necr           0%         2d6       98%         3
 Volatile Blastmotes      Fire/Tloc      0%         2d10      98%         3
 Fulminant Prism          Conj/Alch      0%         3d5       100%        4
 Ignite Poison            Fire/Alch      0%         N/A       100%        4
 Freezing Cloud           Conj/Ice/Air   0%         6-21      100%        5
 Irradiate                Conj/Alch      0%         3d11      100%        5
 Starburst                Conj/Fire      0%         6d3       100%        6
 Maxwell's Capacitive Co  Air            0%         ∞         100%        8


Dungeon Overview and Level Annotations

Branches:
Dungeon (5/15)             Temple (1/1) D:4           Sewer (visited)

Altars:
Ashenzari
Cheibriados
Dithmenos
Elyvilon
Fedhas
Gozag
Hepliaklqana
Kikubaaqudgha
Makhleb
Nemelex Xobeh
Qazlal
Ru
Sif Muna
Trog
Uskayaw
Vehumet
Zin
The Shining One

Shops:
D:1 =   D:4 :

Annotations:
D:4 3 runed translucent doors, tymior's ghost, novice KoEn
D:5 4 runed translucent doors


Innate Abilities, Weirdness & Mutations

You have a pair of horns on your head.
You reflexively headbutt those who attack you in melee.


Message History

The acid dragon claws you but does no damage.
You slash the acid dragon! You headbutt the acid dragon!
The acid dragon is almost dead.
The acid dragon spits acid at you. The splash of acid hits you!
The acid corrodes you!
You hit the acid dragon but do no damage.
The acid dragon is almost dead.
The acid dragon bites you.
* * * LOW HITPOINT WARNING * * *
You block the acid dragon's attack.
You hit the acid dragon.
You kill the acid dragon!
Your Axes skill increases to level 8!
You hit the ice beast but do no damage.
You headbutt the ice beast, but do no damage.
The ice beast hits you.
* * * LOW HITPOINT WARNING * * *
The ice beast freezes you.
* * * LOW HITPOINT WARNING * * *
You feel much better. The ice beast hits you. The ice beast freezes you!
You closely miss the ice beast.
You headbutt the ice beast, but do no damage.
You block the ice beast's attack.
You barely miss the ice beast. You headbutt the ice beast.
The ice beast is lightly wounded.
The ice beast hits you. The ice beast freezes you!
* * * LOW HITPOINT WARNING * * *
You barely miss the ice beast.
You headbutt the ice beast, but do no damage.
The ice beast is lightly wounded.
The ice beast barely misses you. You furiously retaliate!
You headbutt the ice beast! You barely miss the ice beast.
The ice beast is heavily wounded.
The ice beast hits you.
* * * LOW HITPOINT WARNING * * *
The ice beast freezes you!
* * * LOW HITPOINT WARNING * * *
The ice beast hits you.
You die...

#........#.#.##.'.##++##...
#........#.##.#####8.h8##.#
######...##)#..# #8....8#..
#.>..###### #$....h#..
#.... ### #=....)#.# ##..
#8....8#..
#..#######8..8##..
#Y##.#.'.##++##... ..
#@#.#..#†.........
...#.####.#......#...
...##....##........#.
#..######...........
###........#.........
#.................#<.
#........####.......#
#........# #...##..#
#........# #...##..#


You could see an ice beast.

Vanquished Creatures
  An acid dragon (D:5)
  A water moccasin (D:5)
  A black bear (D:5)
  A centaur (D:5)
  4 phantoms
  2 kobold brigands (Sewer)
  2 scorpions (D:5)
  A bombardier beetle (D:5)
  An orc priest (D:4)
  A gnoll bouda (D:4)
  3 iguanas (D:5)
  3 orc wizards
  3 gnolls (D:4)
  10 adders
  A shadow imp (D:5)
  2 dart slugs (D:2)
  8 orcs
  4 ball pythons
  7 bats
  5 endoplasms
  5 giant cockroaches
  9 goblins
  4 hobgoblins
  8 jackals
  3 quokkas
  9 frilled lizards
  7 kobolds
  5 rats
111 creatures vanquished.

Notes
Turn   | Place    | Note
-------+----------+-------------------------------------------
     0 | D:1      | booth the Minotaur Fighter began the quest for the Orb.
     0 | D:1      | Reached XP level 1. HP: 19/19 MP: 0/0
    63 | D:1      | Found Douc Gunnui's Jewellery Boutique.
   320 | D:1      | Reached XP level 2. HP: 27/27 MP: 1/1
   875 | D:2      | Reached skill level 3 in Axes
   953 | D:2      | Reached XP level 3. HP: 33/33 MP: 2/2
  1556 | D:2      | Reached XP level 4. HP: 40/40 MP: 3/3
  1990 | D:3      | Reached skill level 4 in Axes
  2011 | D:3      | Found a glowing drain.
  2014 | Sewer    | Entered a sewer
  2068 | Sewer    | Noticed a kobold brigand
  2195 | Sewer    | Noticed a kobold brigand
  2496 | Sewer    | Killed a kobold brigand
  2496 | Sewer    | Killed a kobold brigand
  2497 | Sewer    | Reached skill level 5 in Axes
  2497 | Sewer    | Reached XP level 5. HP: 21/47 MP: 4/4
  2615 | Sewer    | Found a white marble altar of Elyvilon.
  2823 | D:4      | Found a runed translucent gate.
  2823 | D:4      | Found a runed translucent gate.
  2823 | D:4      | Found an opulent altar of Gozag.
  2823 | D:4      | Found a runed translucent gate.
  2824 | D:4      | Noticed tymior's ghost (novice KoEn)
  2954 | D:4      | Reached XP level 6. HP: 52/55 MP: 5/5
  2995 | D:4      | Found Udyselik's Book Emporium.
  3026 | D:4      | Reached skill level 5 in Armour
  3030 | D:4      | Reached skill level 5 in Fighting
  3030 | D:4      | Reached skill level 5 in Shields
  3215 | D:4      | Found a staircase to the Ecumenical Temple.
  3373 | Temple   | Entered the Ecumenical Temple
  3534 | D:4      | Found a hide-covered altar of Uskayaw.
  3759 | D:5      | Entered Level 5 of the Dungeon
  3943 | D:5      | Found a large runed translucent door.
  3943 | D:5      | Found a large runed translucent door.
  3964 | D:5      | Reached skill level 6 in Axes
  3964 | D:5      | Reached XP level 7. HP: 49/61 MP: 6/6
  4035 | D:5      | Found an ancient bone altar of Kikubaaqudgha.
  4373 | D:5      | Reached skill level 7 in Axes
  4384 | D:5      | Reached XP level 8. HP: 21/70 MP: 7/7
  4570 | D:5      | Got the Enchiridion on the Hornet and Hypothermia
  4598 | D:5      | Found a large runed translucent door.
  4598 | D:5      | Found a large runed translucent door.
  4636 | D:5      | Found a sacrificial altar of Ru.
  4648 | D:5      | Found an opulent altar of Gozag.
  4678 | D:5      | Identified the ring "Qekissin" {Wiz Dex+4 Slay+3}
  4818 | D:5      | Reached skill level 8 in Axes
  4823 | D:5      | HP: 1/71 [ice beast (12)]
  4823 | D:5      | Slain by an ice beast

Illustrated notes

Levels and vault maps discovered:
D:1:      minmay_arrival_checkered_box, layout_basic, serial_shops, shop,
          columned_hall_lemuel
D:2:      minmay_razor_zed, layout_rooms
D:3:      layout_rooms, mainiacjoe_sewer_entry_somewhere_in_here_1
D:4:      layout_loops_ring, mainiacjoe_overflow_alcove_4, temple_green,
          ebering_ghost_gozag, serial_shops, shop_statue
D:5:      layout_basic, nicolae_ru_path_of_blood, mainiacjoe_overflow_paths,
          kiku_gazebo_pond_becter, minmay_hollow_rounded_squares
Temple:   eino_narrow_crystal_temple

Skill      XL: |  1  2  3  4  5  6  7  8 |
---------------+-------------------------+-----
Fighting       | 4 5 6 |  6.6
Axes           | 3 5 6 7 8 |  8.1
Armour         | 4 5 6 |  6.6
Shields        | 4 5 6 |  6.7

Action                     |  1- 3 |  4- 6 |  7- 9 || total
---------------------------+-------+-------+-------++-------
  Melee: War axe           |    81 |   147 |    96 ||   324
         Headbutt          |     8 |    15 |    20 ||    43
  Throw: Javelin           |       |     6 |       ||     6
    Use: Scroll            |     5 |     3 |       ||     8
         Potion            |       |     1 |     1 ||     2
   Stab: Sleeping          |       |       |     1 ||     1
 Armour: Scale mail        |    64 |   103 |   103 ||   270
  Dodge: Dodged            |    44 |    67 |    26 ||   137
  Block: Buckler           |    17 |    30 |    22 ||    69
